 Dungeon Crawl Stone Soup version 0.31-a0-175-g9f7f995f2b (webtiles) character file.

Game seed: 7589825175473087542

130 qw the Shooter (level 5, 0/49 HPs)
             Began as a Naga Hunter on June 17, 2023.
             Was an Initiate of Okawaru.
             Blown up by Ijyb (16 damage)
             ... with a mindburst bolt
             ... on level 4 of the Dungeon.
             The game lasted 00:00:56 (2162 turns).

qw the Shooter (Naga Hunter)                        Turns: 2162, Time: 00:00:56

Health: 0/49       AC: 11    Str: 16    XL:     5   Next: 13%
Magic:  5/5        EV:  7    Int:  9    God:    Okawaru [......]
Gold:   225        SH:  0    Dex: 17    Spells: 4/4 levels left

rFire   + . .        Y - +0 shortbow
rCold   . . .        (shield currently unavailable)
rNeg    . . .        l - +4 leather armour "Isuovy Kacai" {rPois rF+ Str+3}
rPois   +            (no helmet)
rElec   .            (no cloak)
rCorr   .            (no gloves)
SInv    +            a - +0 barding
Will    .....        (no amulet)
Stlth   ++           (no ring)
HPRegen 0.28/turn    (no ring)
MPRegen 0.09/turn

%: no passive effects
@: short of breath, very slow
A: AC +1, large, see invisible, deformed body, poison resistance, slowness 2,
spit poison 1, naga tail 1
a: Spit Poison, Renounce Religion


You were on level 4 of the Dungeon.
You worshipped Okawaru.
Okawaru was noncommittal.
You visited 1 branch of the dungeon, and saw 4 of its levels.

You collected 225 gold pieces.


Innate Abilities, Weirdness & Mutations

Your serpentine skin is tough. (AC +1)
You have supernaturally acute eyesight. (SInv)
Armour fits poorly on your strangely shaped body.
Your system is resistant to poisons. (rPois)
You cover ground very slowly.
You can spit poison.
You have a snake-like lower body.


   Skills:
 - Level 3.0 Fighting
 + Level 5.0 Ranged Weapons
 - Level 1.1 Armour
 - Level 1.5 Dodging
 - Level 1.5 Stealth


You had 4 spell levels left.
You didn't know any spells.
Your spell library was empty.

Inventory:

Hand Weapons
 Y - a +0 shortbow (weapon)
Armour
 a - a +0 barding (worn)
 l - the +4 leather armour "Isuovy Kacai" (worn) {rPois rF+ Str+3}
   (You found it on level 3 of the Dungeon)

   Str:       It affects your strength (+3).
   rF:        It protects you from fire.
   rPois:     It protects you from poison.
Jewellery
 h - a ring of fire
 m - a ring of fire
Scrolls
 g - a scroll of identify
Potions
 b - a potion of heal wounds
 d - a potion of resistance
 e - a potion of ambrosia {unknown}
 f - a potion of mutation {unknown}
 i - a potion of might {unknown}
 j - a potion of curing {unknown}

Dungeon Overview and Level Annotations

Branches:
Dungeon (4/15)
 Temple: D:4-7

Altars:
Cheibriados
Gozag
Makhleb
Okawaru

Shops:
D:2 [

Annotations:
D:4 Ijyb


Message History

Ijyb shouts!
2152 ||| INVOKING Spit Poison.
Aiming: Spit Poison (1% risk of failure)
Press: ? - help, Shift-Dir - straight line, f - Ijyb The splash of poison hits Ijyb but does no damage.
Ijyb is poisoned.
Ijyb zaps a wand.
Your mind is blasted!
You shoot an arrow. The arrow hits Ijyb but does no damage.
Ijyb is lightly wounded.
Ijyb zaps a wand.
Your mind is blasted!
You shoot an arrow. The arrow hits Ijyb.
Ijyb is moderately wounded.
Ijyb zaps a wand.
Your mind is blasted!
You shoot an arrow. The arrow barely misses Ijyb.
Ijyb completely misses you.
You shoot an arrow. The arrow hits Ijyb.
Ijyb is heavily wounded.
Ijyb closely misses you.
You shoot an arrow. The arrow hits Ijyb but does no damage.
Ijyb is heavily wounded.
Ijyb zaps a wand.
Your mind is blasted!
Ijyb zaps a wand.
Your mind is blasted!
You shoot an arrow. The arrow hits Ijyb but does no damage.
Ijyb is heavily wounded.
You have got your breath back.
Ijyb looks more healthy.
Ijyb closely misses you.
2159 ||| INVOKING Spit Poison.
Aiming: Spit Poison (1% risk of failure)
Press: ? - help, Shift-Dir - straight line, f/p - Ijyb The splash of poison hits Ijyb.
Ijyb is poisoned.
Ijyb is heavily wounded.
Ijyb hits you but does no damage.
You shoot an arrow. The arrow hits Ijyb.
Ijyb is severely wounded.
Ijyb closely misses you.
You shoot an arrow. The arrow closely misses Ijyb.
Ijyb barely misses you.
You shoot an arrow. The arrow hits Ijyb.
Ijyb is almost dead.
Ijyb zaps a wand.
Your mind is blasted!
You die...

## #.# #.## #..
#######.####.#
########....##g......#
#...........'@...# .#
##.#.......)####.###.###
#.#:##..<^............#
##.#..........##.......###
#.....#.......##..........
###...........##..%...#.
#######.....##..<...+
#.....##(.....#
#.....##......#


You could see Ijyb (poisoned).

Vanquished Creatures
  6 adders
  A worm (D:3)
  A dart slug (D:2)
  5 orcs (D:3)
  5 bats
  6 endoplasms
  5 giant cockroaches
  6 goblins
  9 hobgoblins
  A quokka (D:1)
  4 ball pythons
  3 frilled lizards (D:1)
  4 kobolds
  7 rats
63 creatures vanquished.

Notes
Turn   | Place    | Note
-------+----------+-------------------------------------------
     0 | D:1      | qw the Naga Hunter began the quest for the Orb.
     0 | D:1      | Reached XP level 1. HP: 19/19 MP: 1/1
     0 | D:1      | 0 ||| qw: Version: 0.3-a-2-g5ab2908
     0 | D:1      | 0 ||| qw: Game counter: 305
     0 | D:1      | 0 ||| qw: Always use a shield: true
     0 | D:1      | 0 ||| qw: God list: Okawaru
     0 | D:1      | 0 ||| qw: Allow faded altars: false
     0 | D:1      | 0 ||| qw: Do Orc after D:15 true
     0 | D:1      | 0 ||| qw: Do second Lair branch before Depths: true
     0 | D:1      | 0 ||| qw: Lair rune preference: random
     0 | D:1      | 0 ||| qw: Plans: Normal
     0 | D:1      | 0 ||| PLANNING D:1-11
    13 | D:1      | 13 ||| INVOKING Spit Poison.
    36 | D:1      | 36 ||| INVOKING Spit Poison.
    71 | D:1      | 71 ||| INVOKING Spit Poison.
    88 | D:1      | Reached skill level 4 in Ranged Weapons
    88 | D:1      | Reached XP level 2. HP: 26/26 MP: 2/2
    88 | D:1      | 88 ||| INVOKING Spit Poison.
   153 | D:1      | 153 ||| INVOKING Spit Poison.
   186 | D:1      | 186 ||| INVOKING Spit Poison.
   202 | D:1      | 202 ||| INVOKING Spit Poison.
   221 | D:1      | 221 ||| INVOKING Spit Poison.
   250 | D:1      | 250 ||| INVOKING Spit Poison.
   251 | D:1      | 251 ||| INVOKING Spit Poison.
   257 | D:1      | 257 ||| INVOKING Spit Poison.
   282 | D:1      | 282 ||| INVOKING Spit Poison.
   296 | D:1      | 296 ||| INVOKING Spit Poison.
   314 | D:1      | 314 ||| INVOKING Spit Poison.
   322 | D:1      | 322 ||| INVOKING Spit Poison.
   324 | D:1      | Reached XP level 3. HP: 32/32 MP: 3/3
   328 | D:1      | 328 ||| INVOKING Spit Poison.
   456 | D:1      | 456 ||| INVOKING Spit Poison.
   484 | D:1      | 484 ||| INVOKING Spit Poison.
   488 | D:1      | 488 ||| INVOKING Spit Poison.
   489 | D:1      | 489 ||| INVOKING Spit Poison.
   492 | D:1      | 492 ||| INVOKING Spit Poison.
   503 | D:1      | 503 ||| INVOKING Spit Poison.
   659 | D:1      | 659 ||| INVOKING Spit Poison.
   721 | D:1      | 721 ||| READING 2 scrolls labelled CIDUOKHL MUPELL.
   722 | D:1      | 722 ||| READING 2 scrolls labelled FAJOUFEENUS.
   723 | D:1      | 723 ||| DROPPING scroll of revelation.
   724 | D:1      | 724 ||| DROPPING scroll of butterflies.
   812 | D:2      | 812 ||| INVOKING Spit Poison.
   839 | D:2      | Found Tulot's Armour Shoppe.
   849 | D:2      | 849 ||| SHOPLISTING +1 leather armour "Goriy" {rF+} (252
                  | gold, have 98).
   849 | D:2      | 849 ||| SHOPLISTING +2 cloak of preservation (258 gold,
                  | have 98).
   849 | D:2      | 849 ||| SHOPLISTING +2 ring mail of fire resistance (252
                  | gold, have 98).
   878 | D:2      | 878 ||| INVOKING Spit Poison.
   901 | D:2      | 901 ||| INVOKING Spit Poison.
   905 | D:2      | 905 ||| INVOKING Spit Poison.
  1191 | D:2      | 1191 ||| INVOKING Spit Poison.
  1241 | D:2      | 1241 ||| UPGRADING to +0 barding.
  1246 | D:2      | 1246 ||| READING 2 scrolls of identify.
  1246 | D:2      | 1246 ||| IDENTIFYING metallic clear potion
  1269 | D:3      | 1269 ||| INVOKING Spit Poison.
  1273 | D:3      | Reached skill level 5 in Ranged Weapons
  1273 | D:3      | 1273 ||| INVOKING Spit Poison.
  1274 | D:3      | 1274 ||| STAIRDANCE
  1279 | D:2      | 1279 ||| INVOKING Spit Poison.
  1282 | D:2      | Reached XP level 4. HP: 30/39 MP: 4/4
  1316 | D:3      | 1316 ||| INVOKING Spit Poison.
  1318 | D:3      | 1318 ||| STAIRDANCE
  1353 | D:3      | 1353 ||| INVOKING Spit Poison.
  1371 | D:3      | 1371 ||| INVOKING Spit Poison.
  1387 | D:3      | 1387 ||| INVOKING Spit Poison.
  1390 | D:3      | 1390 ||| INVOKING Spit Poison.
  1403 | D:3      | 1403 ||| INVOKING Spit Poison.
  1408 | D:3      | 1408 ||| INVOKING Spit Poison.
  1449 | D:3      | Found a faded altar of an unknown god.
  1458 | D:3      | 1458 ||| INVOKING Spit Poison.
  1465 | D:3      | 1465 ||| INVOKING Spit Poison.
  1468 | D:3      | 1468 ||| INVOKING Spit Poison.
  1560 | D:3      | 1560 ||| INVOKING Spit Poison.
  1564 | D:3      | 1564 ||| INVOKING Spit Poison.
  1587 | D:3      | Found a snail-covered altar of Cheibriados.
  1588 | D:3      | 1588 ||| INVOKING Spit Poison.
  1593 | D:3      | 1593 ||| INVOKING Spit Poison.
  1594 | D:3      | Reached skill level 3 in Fighting
  1596 | D:3      | Found an iron altar of Okawaru.
  1597 | D:3      | 1597 ||| PLANNING OKAWARU WORSHIP
  1597 | D:3      | 1597 ||| READING scroll labelled ONWAMO YDECLU.
  1598 | D:3      | 1598 ||| READING scroll labelled KUFFARCH XYODYRCH.
  1602 | D:3      | Became a worshipper of Warmaster Okawaru
  1603 | D:3      | 1603 ||| PLANNING D:1-11
  1608 | D:3      | Found a burning altar of Makhleb.
  1611 | D:3      | Found an opulent altar of Gozag.
  1673 | D:3      | 1673 ||| INVOKING Spit Poison.
  1804 | D:3      | Identified the +4 leather armour "Isuovy Kacai" {rPois rF+
                  | Str+3}
  2004 | D:3      | 2004 ||| INVOKING Spit Poison.
  2007 | D:3      | 2007 ||| INVOKING Spit Poison.
  2047 | D:3      | 2047 ||| UPGRADING to +4 leather armour "Isuovy Kacai"
                  | {rPois rF+ Str+3}.
  2057 | D:3      | 2057 ||| DROPPING +0 leather armour.
  2058 | D:3      | 2058 ||| READING 3 scrolls labelled FURUBR MUATUOPP.
  2059 | D:3      | 2059 ||| READING 2 scrolls of identify.
  2059 | D:3      | 2059 ||| IDENTIFYING blue potion
  2060 | D:3      | 2060 ||| DROPPING 2 scrolls of vulnerability.
  2083 | D:4      | 2083 ||| INVOKING Spit Poison.
  2085 | D:4      | Reached XP level 5. HP: 49/49 MP: 5/5
  2087 | D:4      | 2087 ||| INVOKING Spit Poison.
  2094 | D:4      | Reached skill level 1 in Armour
  2103 | D:4      | 2103 ||| INVOKING Spit Poison.
  2106 | D:4      | 2106 ||| INVOKING Spit Poison.
  2112 | D:4      | 2112 ||| INVOKING Spit Poison.
  2151 | D:4      | Noticed Ijyb
  2152 | D:4      | 2152 ||| INVOKING Spit Poison.
  2159 | D:4      | 2159 ||| INVOKING Spit Poison.
  2162 | D:4      | Blown up by Ijyb

Levels and vault maps discovered:
D:1:      shiori_shiawase, layout_loops_ring, minmay_ruptured
D:2:      layout_basic, serial_shops, nicolae_shop_window_shopping,
          corexii_shack
D:3:      layout_loops_ring, grunt_temple_overflow_cloverleaf,
          dreamdust_ecumenical_altar_grove, nicolae_the_louvre
D:4:      lemuel_castle_with_subvaults [lemuel_castle_interior_carwin_1],
          layout_basic, uniq_pargi, uniq_ijyb

Skill      XL: |  1  2  3  4  5 |
---------------+----------------+-----
Ranged Weapons | 4 5 |  5.0
Fighting       | 3 |  3.0
Armour         | 1 |  1.1
Dodging        | |  1.5
Stealth        | |  1.5

Action                     |  1- 3 |  4- 6 || total
---------------------------+-------+-------++-------
   Fire: Shortbow          |    67 |    73 ||   140
Ability: Spit Poison       |    29 |    24 ||    53
    Use: Scroll            |     3 |     4 ||     7
 Armour: Leather armour    |     8 |    17 ||    25
  Dodge: Dodged            |    10 |    12 ||    22

Table legend:
 A = Non-vault XP
 B = Vault XP
 C = Vault XP percentage of total XP
 D = Non-vault monster count
 E = Vault monster count
 F = Vault count percentage of total count
                 A         B        C        D         E       F
            +---------+---------+-------+---------+---------+-------
      Total |     180 |       6 |   3.2 |      59 |       4 |   6.3
            +---------+---------+-------+---------+---------+-------
        D:1 |      40 |       4 |   9.1 |      26 |       3 |  10.3
        D:2 |      31 |       2 |   6.1 |       9 |       1 |  10.0
        D:3 |      76 |       0 |   0.0 |      19 |       0 |   0.0
        D:4 |      33 |       0 |   0.0 |       5 |       0 |   0.0
            +---------+---------+-------+---------+---------+-------
